 Dungeon Crawl Stone Soup version 0.24.0-37-gcf1ca852f1 (webtiles) character file.

Game seed: 4506187432203163668, levelgen mode: deterministic

103 Kobolds4U the Magician (level 4, -1/24 HPs)
             Began as a Deep Elf Conjurer on Dec 5, 2019.
             Killed from afar by a white imp (9 damage)
             ... with a puff of frost
             ... summoned by Natasha
             ... on level 2 of the Dungeon.
             The game lasted 00:06:08 (1913 turns).

Kobolds4U the Magician (Deep Elf Conjurer)          Turns: 1913, Time: 00:06:09

Health: -1/24      AC:  2    Str:  6    XL:     4   Next: 51%
Magic:  13/13      EV: 13    Int: 20    God:
Gold:   79         SH:  0    Dex: 18    Spells: 3/13 levels left

rFire    . . .     SeeInvis .   d - +0 dagger
rCold    . . .     Gourm    .   (no shield)
rNeg     . . .     Faith    .   a - +0 robe
rPois    .         Spirit   .   (no helmet)
rElec    .         Reflect  .   (no cloak)
rCorr    .         Harm     .   (no gloves)
MR       .....                  (no boots)
Stlth    ++........             (no amulet)
HPRegen  0.08/turn              j - +3 ring of dexterity
MPRegen  0.13/turn              (no ring)

@: no status effects
A: no striking features
a: no special abilities


You were on level 2 of the Dungeon.
You were not hungry.

You visited 1 branch of the dungeon, and saw 2 of its levels.

You collected 79 gold pieces.

Inventory:

Hand Weapons
 d - a +0 dagger (weapon)
Armour
 a - a +0 robe (worn)
Jewellery
 j - a +3 ring of dexterity (left hand)
Scrolls
 e - 3 scrolls of teleportation {unknown}
 f - 2 scrolls of enchant armour {unknown}
 h - 3 scrolls of remove curse {unknown}
 k - a scroll of fog {unknown}
 l - a scroll of identify {unknown}
 m - a scroll of amnesia {unknown}
Potions
 g - a potion of might {unknown}
 i - a potion of heal wounds {unknown}
 n - a potion of magic {unknown}
Comestibles
 b - 5 chunks of flesh
 c - 5 rations


   Skills:
 + Level 2.9 Short Blades
 - Level 2.4 Dodging
 - Level 2.4 Stealth
 - Level 5.0 Spellcasting
 - Level 4.3 Conjurations


You had 3 spell levels left.
You knew the following spells:

 Your Spells              Type           Power        Failure   Level  Hunger
a - Magic Dart            Conj           ###.         1%          1    None
b - Searing Ray           Conj           ###...       3%          2    None
c - Dazzling Spray        Conj/Hex       ##....       14%         3    ##.....
d - Force Lance           Conj/Tloc      ##......     43%         4    ####...

Your spell library contained the following spells:

 Spells                   Type           Power        Failure   Level  Hunger
 Iskenderun's Mystic Bla  Conj           ###.....     19%         4    ####...
 Fulminant Prism          Conj/Hex       ##........   43%         4    ####...


Dungeon Overview and Level Annotations

Branches:
Dungeon (2/15)

Altars:
Qazlal

Annotations:
D:2 Natasha


Message History

Confirm with . or Enter, or press ? or * to list all spells.
Aiming: Magic Dart (safe; 1% risk of failure)
Press: ? - help, Shift-Dir - straight line, f - Natasha
Aim: Natasha The magic dart hits Natasha but does no damage.
Natasha casts a spell.
Natasha stares at you and mumbles some strange words.
The magic dart hits you.
The crimson imp shouts, "Repent, thou sickly beetle-headed fleecer!"
Natasha casts a spell.
Natasha casts a spell.
The crimson imp blinks!
The white imp shouts, "Give up, thou surly spleeny slabber!"
The white imp gestures at you. The puff of frost hits you!
Ouch! That really hurt!
The white imp grinds its teeth.
The white imp gestures at you. The puff of frost hits you!
You die...

############## #.......#....#
##..####(#..#.########
#####.#.#.#<#.#.#.#.#....#
.........(............>#.# #
#####.#.#)#.#.#.#.#.#..#.#.#
####............@.....h#.#.#####
....#.#.#.#.#÷#.#.#.#.5.........
####..........)......#.#.#.####
##..#.#.#.#.#.#.#.#.#..#.#
##...#..÷....#..########.#
##...####.......# #.# ##...
#.##....# #5# ##... #.####..#
######h## ##... #.#
..........5.#


You could see Natasha and a white imp.

Vanquished Creatures
  4 adders (D:2)
  An ooze (D:1)
  2 leopard geckos
  A ball python (D:2)
  6 bats
  8 giant cockroaches
  8 goblins
  3 hobgoblins
  10 jackals
  3 kobolds
  A quokka (D:2)
  3 frilled lizards
  5 rats
55 creatures vanquished.

Notes
Turn   | Place    | Note
-------+----------+-------------------------------------------
     0 | D:1      | Kobolds4U the Deep Elf Conjurer began the quest for the
                  | Orb.
     0 | D:1      | Reached XP level 1. HP: 10/10 MP: 6/6
   126 | D:1      | Reached skill level 4 in Spellcasting
   126 | D:1      | Reached XP level 2. HP: 15/15 MP: 3/9
   807 | D:1      | Reached XP level 3. HP: 19/19 MP: 8/11
   969 | D:1      | Reached skill level 5 in Spellcasting
  1246 | D:2      | Learned a level 2 spell: Searing Ray
  1250 | D:2      | Learned a level 3 spell: Dazzling Spray
  1271 | D:2      | Reached skill level 1 in Short Blades
  1518 | D:2      | Reached XP level 4. HP: 24/24 MP: 8/13
  1581 | D:2      | Learned a level 4 spell: Force Lance
  1713 | D:2      | Found a stormy altar of Qazlal.
  1898 | D:2      | Noticed Natasha
  1913 | D:2      | Killed from afar by a white imp

Levels and vault maps discovered:
D:1:      zelgadis_glass_arrival_small, layout_basic
D:2:      minmay_chambers_of_twos, layout_basic, st_stairs_12,
          nicolae_qazlal_general_emergency, uniq_natasha

Skill      XL: |  1  2  3 |
---------------+----------+-----
Spellcasting   | 4 5 |  5.0
Short Blades   | 2 |  2.9
Dodging        | |  2.4
Stealth        | |  2.4
Conjurations   | |  4.3

Action                   |  1- 3 |  4- 6 || total
-------------------------+-------+-------++-------
Melee: Dagger            |     8 |     3 ||    11
       Unarmed           |     1 |       ||     1
 Cast: Magic Dart        |    80 |    25 ||   105
 Stab: Sleeping          |     1 |     1 ||     2
  Eat: Chunk             |     2 |     1 ||     3
Armor: Robe              |     5 |       ||     5
Dodge: Dodged            |    16 |     5 ||    21
